 Dungeon Crawl Stone Soup version 0.19-a0-20-g1ce5f50 (webtiles) character file.

249588 FitzyFitz the Fighter (level 18, -21/189 HPs)
             Began as a Demonspawn Transmuter on Apr 24, 2016.
             Was the Champion of Cheibriados.
             Demolished by an ironheart preserver
             ... wielding a +2 morningstar of distortion
              (22 damage)
             ... while paralysed by a great orb of eyes
             ... on level 1 of the Vaults on Apr 30, 2016.
             The game lasted 1 day 00:35:31 (59616 turns).

FitzyFitz the Fighter (Demonspawn Transmuter)  Turns: 59616, Time: 1 , 00:35:32

Health: -21/189    AC: 31    Str: 27    XL:     18   Next: 88%
Magic:  24/32      EV:  2    Int: 36    God:    Cheibriados [******]
Gold:   2822       SH:  0    Dex: 29    Spells: 12 memorised, 2 levels left

rFire  . . .     SeeInvis +       - Unarmed
rCold  + . .     Gourm    .     (armour currently unavailable)
rNeg   + . .     Faith    +     F - +2 buckler
rPois  ∞         Spirit   .     (helmet unavailable)
rElec  +         Dismiss  .     c - +1 cloak {rPois}
rCorr  .         Reflect  .     (gloves currently unavailable)
SustAt .         Harm     .     (boots currently unavailable)
MR     +....                    j - amulet of faith
Stlth  +++++++...               e - +5 ring of evasion
                                G - ring of see invisible

@: paralysed, statue-form, marked, repel missiles, very slow, somewhat resistant
to hostile enchantments, extremely stealthy
A: horns 3, icy blue scales 3, demonic guardian 1, nightstalker 2
a: End Transformation, Bend Time, Temporal Distortion, Slouch, Step From Time,
Renounce Religion
}: 2/15 runes: decaying, gossamer


You were on level 1 of the Vaults.
You worshipped Cheibriados.
Cheibriados was exalted by your worship.
You were very hungry.
You were a stone statue.
You visited 7 branches of the dungeon, and saw 35 of its levels.
You also visited: Ossuary and Volcano.

You collected 3848 gold pieces.
You spent 1026 gold pieces at shops.

Inventory:

Hand Weapons
 a - a +0 dagger of electrocution
 o - the +2 falchion "Gyafriamm" {freeze, rC+ MR- Int+4 Dex+2}
   (You took it off an orc on level 7 of the Dungeon)

   It has been specially enchanted to freeze those struck by it, causing extra
   injury to most foes and up to half again as much damage against particularly
   susceptible opponents.
   It can also slow down cold-blooded creatures.
   It affects your intelligence (+4).
   It affects your dexterity (+2).
   It protects you from cold.
   It affects your resistance to hostile enchantments.
Missiles
 x - 390 arrows
Armour
 b - a +2 pair of gloves of archery (melded)
 c - a +1 cloak of poison resistance (worn)
 m - a +4 steam dragon armour (melded)
 q - a +2 pair of boots of fire resistance (melded)
 A - the +2 scale mail of Heresy {rF- Int+5, unknown}
   (You found it on level 1 of the Vaults)

   It affects your intelligence (+5).
   It makes you vulnerable to fire.
 F - a +2 buckler (worn)
Magical Staves
 h - an uncursed staff of earth
Jewellery
 e - a +5 ring of evasion (right hand)
 g - an uncursed ring of protection from cold
 j - an amulet of faith (around neck)
 u - a +2 ring of evasion
 z - an uncursed ring of protection from fire
 G - a ring of see invisible (left hand)
Wands
 k - a wand of teleportation (4/9)
 p - a wand of digging (7/24)
 D - a wand of digging (8/24)
 N - a wand of acid (10/15)
 P - a wand of disintegration (8/24)
Scrolls
 i - 2 scrolls of teleportation
 l - 3 scrolls of remove curse
 s - 7 scrolls of identify
 v - 3 scrolls of blinking
 w - 2 scrolls of magic mapping
 y - 6 scrolls of recharging
 M - 2 scrolls of fog
Potions
 n - 8 potions of heal wounds
 r - 5 potions of brilliance
 t - 3 potions of might
 B - 4 potions of ambrosia
 C - a potion of flight
 I - 2 potions of magic
 L - 3 potions of curing
 W - a potion of agility
 Z - 2 potions of resistance
Miscellaneous
 J - a stone of tremors
Comestibles
 d - 16 bread rations
 f - 13 fruits


   Skills:
 - Level 14.3 Fighting
 - Level 1.7 Short Blades
 - Level 6.4 Armour
 - Level 10.2 Dodging
 - Level 9.6 Stealth
 - Level 4.4 Shields
 + Level 13.3 Unarmed Combat
 - Level 10.0 Spellcasting
 - Level 3.0 Conjurations
 - Level 1.6 Charms
 - Level 1.8 Summonings
 - Level 2.6 Translocations
 - Level 12.0 Transmutations
 - Level 1.0 Fire Magic
 - Level 4.0 Air Magic
 - Level 10.0 Earth Magic
 - Level 4.3 Poison Magic
 - Level 12.0 Invocations
 - Level 5.0 Evocations


You had 2 spell levels left.
You knew the following spells:

 Your Spells              Type           Power        Failure   Level  Hunger
a - Petrify               Trmt/Erth      #######.     1%          4    None
b - Sticks to Snakes      Trmt           #######.     1%          2    None
c - Passwall              Trmt/Erth      #######...   1%          2    None
d - Blink                 Tloc           N/A          1%          2    None
e - Magic Dart            Conj           ####         1%          1    None
f - Mephitic Cloud        Conj/Pois/Air  #####...     1%          3    None
g - Repel Missiles        Chrm/Air       #####.       1%          2    None
h - Blade Hands           Trmt           #######...   1%          5    ##.....
i - Conjure Flame         Conj/Fire      ####....     2%          3    None
j - Summon Butterflies    Summ           ####....     1%          1    None
k - Ice Form              Ice/Trmt       ######..     1%          4    None
l - Statue Form           Trmt/Erth      #######..    4%          6    ####...


Dungeon Overview and Level Annotations

Branches:
Dungeon (15/15)            Temple (1/1) D:5            Lair (8/8) D:10
  Swamp (4/4) Lair:6       Spider (4/4) Lair:5        Slime (0/6) Lair:8
    Orc (2/2) D:11            Elf (0/3) Orc:2        Vaults (1/5) D:14
 Depths (0/5) D:15

Altars:
Ashenzari
Cheibriados
Dithmenos
Elyvilon
Fedhas
Gozag
Kikubaaqudgha
Makhleb
Nemelex Xobeh
Okawaru
Pakellas
Qazlal
Ru
Sif Muna
Trog
Vehumet
Xom
Yredelemnul
Zin
The Shining One
Beogh

Shops:
D:5 %(}   D:9 :   D:12 *   Orc:2 (*(*

Portals:
Hell: Lair:8


Innate Abilities, Weirdness & Mutations

You have a pair of large horns on your head.
(You are completely covered in icy blue scales (AC +4, EV -1, rC+).)
A weak demonic guardian rushes to your aid.
You are significantly more attuned to the shadows.


Message History

* * * LOW HITPOINT WARNING * * *
The ironbrand convoker gestures at the freezing wraith while chanting.
The freezing wraith seems to grow stronger.
The ironheart preserver hits you but does no damage.
Space bends around you.
* * * LOW HITPOINT WARNING * * *
The fire giant hits you with a great sword of flaming!
* * * LOW HITPOINT WARNING * * *
The fire giant burns you.
* * * LOW HITPOINT WARNING * * *
The great orb of eyes gazes at you.
You feel your power leaking away.
The vault sentinel blows a loud note on a signal horn!
The great orb of eyes bites you but does no damage.
The vault warden hits you from afar with a bardiche!!
* * * LOW HITPOINT WARNING * * *
The ironheart preserver hits you with a morningstar of distortion!
* * * LOW HITPOINT WARNING * * *
Space warps horribly around you!
You die...

.....###...................#.....
..#...##...................#.....
.###.###...................######
..#...##...................######
.......'.......[p[.........#.....
..#...##....####p######....'.....
.###.###....#..Wpe....#....#.....
..#...##....#..pGC....#..).#.....
.....###....#.(p8.5...#....'.....
..#.## #....#..(?.....#....#.....
.#### #....#.[.<[....#....######
## #....#..)(.....#....#
########....#..((.....#....#
.......#....#..(.(....#....#
.......'....###########....######
.......#...................#.....
.......#...................#...#.


You could see 2 ironheart preservers, a fire giant, a vault warden, a great orb
of eyes, a vault sentinel, a deep elf archer, an ironbrand convoker, a freezing
wraith and a friendly quasit.

Vanquished Creatures
  Rupert (Lair:8)
  Asterion (Spider:4)
  3 thorn hunters
  Roxanne (Swamp:3)
  An orc warlord (D:11)
  5 ghost moths
  6 vault wardens (Vaults:1)
  6 emperor scorpions
  A very ugly thing (Vaults:1)
  2 ironheart preservers (Vaults:1)
  3 spark wasps
  Snorg (Lair:5)
  A dire elephant (Lair:8)
  An ettin (Orc:2)
  9 vault guards
  3 yaktaur captains (Vaults:1)
  Josephine (Lair:4)
  2 great orbs of eyes (Vaults:1)
  A deep elf high priest (Vaults:1)
  22 hydras
  A rakshasa (Vaults:1)
  3 entropy weavers
  2 merfolk avatars (Swamp:1)
  A ghost crab (Swamp:3)
  3 centaur warriors
  A deep troll shaman (Vaults:1)
  2 ogre magi
  Erica (D:7)
  16 death yaks
  8 alligators
  3 tengu warriors (D:14)
  A deep troll earth mage (Vaults:1)
  3 orc high priests (Orc:2)
  2 skeletal warriors (D:15)
  11 slime creatures
  2 unseen horrors (D:15)
  A fire crab (Lair:8)
  3 spriggan druids
  3 wizards
  3 deep trolls (Vaults:1)
  A flayed ghost (D:15)
  10 swamp dragons
  2 shambling mangroves
  A lindwurm (Volcano)
  A tengu zombie (D:15)
  A necromancer (D:15)
  9 hill giants
  6 ironbrand convokers (Vaults:1)
  8 orc knights
  15 orb spiders
  3 deep elf magi
  5 hornets
  A fire giant zombie (D:15)
  6 ugly things
  3 manticores
  6 orc sorcerers (Orc:2)
  27 wolf spiders
  4 griffons
  8 black mambas
  A sixfirhy (Lair:8)
  7 elephants
  4 cyclopes
  A centaur zombie (D:14)
  2 centaur skeletons
  A smoke demon (Lair:8)
  3 orange demons (Lair:8)
  2 gargoyles
  13 spiny frogs
  2 torpor snails
  4 molten gargoyles (Volcano)
  12 vault sentinels (Vaults:1)
  A yaktaur zombie (D:15)
  A rime drake (Swamp:4)
  A kobold demonologist (Vaults:1)
  8 komodo dragons
  16 demonic crawlers
  An efreet (D:14)
  A freezing wraith (Vaults:1)
  A yaktaur skeleton (D:15)
  15 yaktaurs (Vaults:1)
  3 ice devils (Lair:8)
  A hellwing (Lair:8)
  28 jumping spiders
  A polar bear (Lair:5)
  5 trolls
  3 red devils (Lair:8)
  6 giant leeches
  7 blink frogs
  6 bog bodies
  3 boulder beetles
  2 two-headed ogres (D:13)
  79 redbacks
  A vampire (D:13)
  Eustachio (D:6)
  28 tarantellas
  2 wyverns
  5 wraiths
  56 yaks
  A shadow (Swamp:1)
  3 basilisks
  13 hippogriffs
  A hungry ghost (D:13)
  2 steam dragons
  15 vampire mosquitoes
  2 fire elementals (Volcano)
  11 insubstantial wisps
  3 wargs
  A mottled dragon (D:12)
  23 swamp worms
  2 soldier ants
  11 water moccasins
  25 porcupines
  41 orc warriors
  15 swamp drakes
  6 ice beasts
  2 black bears
  An eye of draining (shapeshifter) (D:13)
  2 phantoms
  3 eyes of draining
  5 sky beasts
  22 ogres
  4 wasps
  5 boggarts (D:14)
  6 wolves
  17 centaurs
  25 crocodiles
  5 big kobolds
  25 giant frogs
  A gnoll sergeant (D:7)
  5 scorpions
  3 wyvern skeletons
  A water moccasin skeleton (D:8)
  7 killer bees
  3 wights (D:10)
  2 electric eels
  2 howler monkeys
  17 crimson imps
  3 giant frog zombies
  A quasit (D:9)
  5 jellies
  6 hounds
  3 giant frog skeletons
  21 orc priests
  A gnoll shaman (D:9)
  42 orc wizards
  15 iguanas
  16 sheep
  10 worker ants
  10 hell rats
  A boulder beetle simulacrum (Vaults:1)
  3 big kobold zombies (Ossuary)
  A hound zombie (D:7)
  2 mummies (Ossuary)
  A worker ant zombie (D:10)
  13 adders
  14 gnolls
  2 howler monkey skeletons
  117 river rats
  3 shadow imps
  6 oozes
  6 adder zombies
  An adder skeleton (D:7)
  3 worms (D:2)
  4 dart slugs
  12 giant geckos
  102 orcs
  8 giant cockroaches
  2 gnoll zombies (Ossuary)
  5 hobgoblins
  19 jackals
  9 quokkas
  14 bats
  2 giant newts
  9 goblins
  2 hobgoblin zombies (Ossuary)
  3 jackal skeletons
  23 kobolds
  3 kobold zombies (Ossuary)
  4 orc zombies (Ossuary)
  21 rats
  A butterfly (Lair:8)
  A fungus (Lair:4)
1480 creatures vanquished.

Vanquished Creatures (collateral kills)
  A greater naga (Vaults:1)
  Maud (Lair:5)
  An emperor scorpion (Spider:4)
  2 merfolk avatars (Swamp:1)
  4 hydras
  An alligator (Swamp:3)
  3 orb spiders (Spider:4)
  A griffon (Lair:7)
  A moth of wrath (Spider:4)
  2 elephants (Lair:3)
  Joseph (D:8)
  Psyche (D:8)
  3 spiny frogs
  A komodo dragon (Lair:1)
  A rime drake (Swamp:4)
  3 jumping spiders (Lair:5)
  A tarantella (Spider:4)
  9 yaks
  4 basilisks
  2 hungry ghosts (D:7)
  2 steam dragons
  A swamp worm (Swamp:2)
  4 water moccasins
  A porcupine (Lair:8)
  A phantom (D:5)
  A crocodile (Lair:8)
  A giant frog (D:5)
  A water moccasin zombie (Ossuary)
  A wyvern zombie (D:10)
  2 killer bees (D:10)
  2 crimson imps (D:9)
  A worker ant (D:8)
  A howler monkey zombie (D:8)
  2 adders
  5 river rats
  A shadow imp (D:9)
  7 orcs
  2 giant cockroaches
  A jackal (D:8)
  4 fungi (Lair:8)
  A plant (Lair:2)
85 creatures vanquished.

Vanquished Creatures (others)
  A wolf spider (Spider:1)
  A yaktaur (Vaults:1)
  A tarantella (Spider:2)
  An orc warrior (Orc:2)
  An orc wizard (D:14)
  2 orcs
  A jackal (D:7)
  2 bushes (Lair:8)
  A butterfly (Lair:8)
  87 fungi
  61 plants
159 creatures vanquished.

Grand Total: 1724 creatures vanquished

Notes
Turn   | Place    | Note
--------------------------------------------------------------
     0 | D:1      | FitzyFitz the Demonspawn Transmuter began the quest for the Orb.
     0 | D:1      | Reached XP level 1. HP: 15/15 MP: 3/3
   257 | D:1      | Gained mutation: You are slightly more attuned to the shadows. [demonic ancestry]
   257 | D:1      | Reached XP level 2. HP: 13/21 MP: 5/5
   668 | D:1      | Learned a level 2 spell: Sticks to Snakes
   958 | D:1      | Reached XP level 3. HP: 21/26 MP: 4/6
  1403 | D:2      | Reached skill level 2 in Fighting
  1708 | D:2      | Learned a level 3 spell: Spider Form
  1929 | D:2      | Reached XP level 4. HP: 34/34 MP: 3/7
  2109 | D:2      | Reached skill level 1 in Poison Magic
  4141 | D:4      | Gained mutation: You have a pair of small horns on your head. [demonic ancestry]
  4141 | D:4      | Reached XP level 5. HP: 39/39 MP: 4/8
  4196 | D:4      | Reached skill level 1 in Stealth
  4616 | D:4      | Found a stormy altar of Qazlal.
  5142 | D:5      | Entered Level 5 of the Dungeon
  5142 | D:5      | Noticed a centaur
  5353 | D:6      | Noticed Eustachio
  5364 | D:6      | Killed Eustachio
  5364 | D:6      | Reached skill level 5 in Transmutations
  5364 | D:6      | Gained mutation: You are partially covered in icy blue scales (AC +1). [demonic ancestry]
  5364 | D:6      | Reached XP level 6. HP: 46/46 MP: 9/9
  5523 | D:6      | Found a sand-covered staircase.
  5528 | Ossuary  | Entered an ossuary
  5560 | Ossuary  | Gained mutation: You have a pair of horns on your head. [demonic ancestry]
  5560 | Ossuary  | Reached XP level 7. HP: 18/51 MP: 7/10
  6035 | Ossuary  | Reached skill level 3 in Fighting
  6271 | D:6      | Learned a level 2 spell: Blink
  6273 | D:6      | Learned a level 1 spell: Magic Dart
  6380 | D:6      | Reached skill level 1 in Conjurations
  6380 | D:6      | Reached skill level 1 in Translocations
  6503 | D:6      | Found a bloodstained altar of Trog.
  6891 | D:5      | Found Duxene Nimu's Weapon Boutique.
  6906 | D:5      | Bought 21 arrows for 58 gold pieces
  6918 | D:5      | Reached XP level 8. HP: 37/58 MP: 12/14
  7041 | D:5      | Found Hergha Juivu's Gadget Boutique.
  7077 | D:5      | Found a deep blue altar of Sif Muna.
  7128 | D:5      | Learned a level 3 spell: Mephitic Cloud
  7368 | D:5      | Found a staircase to the Ecumenical Temple.
  7376 | Temple   | Entered the Ecumenical Temple
  7526 | D:5      | Found Sonkiy's Food Shoppe.
  8121 | D:5      | Reached skill level 1 in Air Magic
 10081 | D:6      | Learned a level 2 spell: Repel Missiles
 10592 | D:7      | Reached skill level 4 in Fighting
 10948 | D:6      | Reached XP level 9. HP: 43/65 MP: 1/15
 11137 | D:7      | Reached skill level 5 in Fighting
 11376 | D:7      | Reached skill level 6 in Fighting
 11757 | D:7      | Got a faintly glowing falchion {freeze}
 12037 | D:7      | Found an iron altar of Okawaru.
 12187 | D:7      | Reached skill level 1 in Short Blades
 12700 | D:7      | Reached skill level 5 in Spellcasting
 12769 | D:7      | Found a sparkling altar of Nemelex Xobeh.
 12771 | D:7      | Found a shimmering altar of Xom.
 13567 | D:8      | Reached skill level 7 in Fighting
 13648 | D:8      | Noticed Erica
 13684 | D:8      | Noticed Joseph
 13868 | D:8      | Killed Joseph
 13868 | D:8      | Reached skill level 8 in Fighting
 13868 | D:8      | Gained mutation: A weak demonic guardian rushes to your aid. [demonic ancestry]
 13868 | D:8      | Reached XP level 10. HP: 15/80 MP: 11/18
 15032 | D:7      | Learned a level 2 spell: Call Imp
 15036 | D:7      | Learned a level 3 spell: Conjure Flame
 15146 | D:7      | Killed Erica
 15990 | D:8      | Reached skill level 1 in Charms
 15990 | D:8      | Reached skill level 1 in Summonings
 16159 | Temple   | Became a worshipper of Cheibriados the Contemplative
 16306 | D:8      | Noticed Psyche
 16312 | D:8      | Killed Psyche
 16346 | D:8      | Found a blossoming altar of Fedhas.
 16499 | D:8      | Found a sacrificial altar of Ru.
 17014 | D:9      | Reached * piety under Cheibriados
 17555 | D:9      | Reached skill level 5 in Dodging
 17700 | D:9      | Found Asuubu's Book Shoppe.
 17742 | D:9      | Reached ** piety under Cheibriados
 17993 | D:9      | Found a shadowy altar of Dithmenos.
 17994 | D:9      | Found a burning altar of Makhleb.
 18048 | D:9      | Upgraded the game from 0.18-a0-1800-gdc7a371 to 0.18-a0-1808-g3e993bd
 18234 | D:10     | Entered Level 10 of the Dungeon
 18589 | D:10     | Reached skill level 9 in Fighting
 18647 | D:10     | Reached skill level 1 in Fire Magic
 18863 | D:10     | Noticed a gargoyle
 19311 | D:10     | Found a staircase to the Lair.
 19328 | D:10     | Reached *** piety under Cheibriados
 19471 | D:10     | Gained mutation: You are mostly covered in icy blue scales (AC +3, EV -1). [demonic ancestry]
 19471 | D:10     | Reached XP level 11. HP: 51/89 MP: 16/19
 20198 | Lair:1   | Entered Level 1 of the Lair of Beasts
 20728 | Lair:1   | HP: 1/89 [blink frog (18)]
 20986 | Lair:1   | Upgraded the game from 0.18-a0-1808-g3e993bd to 0.19-a0-2-g57af7d0
 21234 | Lair:1   | Reached skill level 1 in Invocations
 21540 | Lair:1   | Reached **** piety under Cheibriados
 21573 | Lair:1   | Identified the cursed +2 falchion "Gyafriamm" {freeze, rC+ MR- Int+4 Dex+2} (You took it off an orc on level 7 of the Dungeon)
 23336 | Lair:2   | Reached skill level 5 in Invocations
 23354 | Lair:2   | Learned a level 5 spell: Blade Hands
 23604 | Lair:2   | Reached ***** piety under Cheibriados
 23902 | Lair:3   | Reached skill level 1 in Armour
 24498 | Lair:3   | Noticed a four-headed hydra
 24505 | Lair:3   | Killed a four-headed hydra
 24891 | Lair:3   | Gained mutation: You are completely covered in icy blue scales (AC +4, EV -1, rC+). [demonic ancestry]
 24891 | Lair:3   | Reached XP level 12. HP: 92/95 MP: 18/21
 25821 | Lair:4   | Reached ****** piety under Cheibriados
 25955 | Lair:4   | Upgraded the game from 0.19-a0-2-g57af7d0 to 0.19-a0-4-ga5c5ac4
 25991 | Lair:4   | Noticed Rupert
 26239 | Lair:4   | Noticed Josephine
 26261 | Lair:4   | Killed Josephine
 26637 | Lair:5   | Noticed Snorg
 26662 | Lair:5   | Killed Snorg
 26745 | Lair:5   | Noticed a six-headed hydra
 26908 | Lair:4   | Reached skill level 10 in Invocations
 28183 | Lair:5   | Noticed Maud
 28208 | Lair:5   | HP: 2/95 [Maud/enchanted demon trident (19)]
 28669 | Lair:1   | Reached skill level 5 in Armour
 28974 | Lair:6   | Found a staircase to the Swamp.
 30155 | Lair:5   | Reached skill level 5 in Stealth
 30338 | Lair:5   | Killed a six-headed hydra
 30338 | Lair:5   | Gained mutation: You have a pair of large horns on your head. [demonic ancestry]
 30338 | Lair:5   | Reached XP level 13. HP: 101/101 MP: 11/22
 30420 | Lair:5   | Learned a level 1 spell: Summon Butterflies
 30559 | Lair:5   | Found a hole to the Spider Nest.
 31897 | D:11     | Found a staircase to the Orcish Mines.
 32361 | D:11     | Found a shadowy altar of Dithmenos.
 32533 | Lair:1   | Identified a scroll of acquirement
 32821 | Lair:5   | Killed Maud
 32821 | Lair:5   | Reached skill level 5 in Unarmed Combat
 33851 | Lair:7   | Reached skill level 10 in Fighting
 33997 | Lair:7   | Reached skill level 11 in Fighting
 34421 | Lair:7   | Reached XP level 14. HP: 113/113 MP: 15/23
 34605 | Lair:8   | Entered Level 8 of the Lair of Beasts
 34795 | Lair:8   | Got a sheer robe
 34796 | Lair:8   | Identified the +2 robe of Vidantu {Str+8} (You found it on level 8 of the Lair of Beasts)
 34946 | Lair:8   | Found a staircase to the Slime Pits.
 35034 | Lair:8   | Reached skill level 12 in Fighting
 35445 | Lair:8   | Killed Rupert
 35756 | Lair:8   | Reached skill level 13 in Fighting
 36032 | Lair:8   | Paralysed by a wizard for 4 turns
 36089 | Lair:8   | Identified the Almanac of the Manifold Eyes
 36590 | Lair:8   | Upgraded the game from 0.19-a0-4-ga5c5ac4 to 0.19-a0-14-gde87d98
 36722 | Lair:8   | Found a burning altar of Makhleb.
 36857 | Lair:8   | Found a gateway to Hell.
 36864 | Lair:8   | Identified the Guide on Creation and Envenoming
 37626 | D:12     | Found Betesonk's General Store.
 37629 | D:12     | Bought a +1 cloak of poison resistance for 189 gold pieces
 37629 | D:12     | Bought a scroll of identify for 28 gold pieces
 37953 | D:9      | Bought a book of Geomancy for 525 gold pieces
 37977 | D:9      | Reached skill level 10 in Unarmed Combat
 37983 | D:9      | Learned a level 4 spell: Petrify
 38032 | Lair:1   | Learned a level 2 spell: Passwall
 38088 | Orc:1    | Entered Level 1 of the Orcish Mines
 38107 | Orc:1    | Noticed an orc warlord
 38145 | D:11     | Killed an orc warlord
 38145 | D:11     | Reached skill level 1 in Earth Magic
 38387 | Orc:2    | Entered Level 2 of the Orcish Mines
 38389 | Orc:2    | Found a dark tunnel.
 38402 | Volcano  | Entered a volcano
 38452 | Volcano  | Reached XP level 15. HP: 80/123 MP: 18/24
 39051 | Orc:1    | Found a roughly hewn altar of Beogh.
 39226 | Orc:2    | Found a staircase to the Elven Halls.
 39472 | Orc:2    | Reached skill level 5 in Earth Magic
 40409 | Orc:2    | Found Baheakk's Assorted Antiques.
 40409 | Orc:2    | Found Manah's Antique Weapon Boutique.
 40411 | Orc:2    | Found Jaegh's General Store.
 40411 | Orc:2    | Found Ithracab's Antique Weapon Boutique.
 40422 | Orc:2    | Bought a scroll of identify for 28 gold pieces
 40426 | Orc:2    | Bought a potion of heal wounds for 105 gold pieces
 40426 | Orc:2    | Bought 2 ruby potions for 37 gold pieces
 40724 | D:13     | Found a stormy altar of Qazlal.
 41196 | D:13     | Reached skill level 10 in Dodging
 41878 | Swamp:1  | Entered Level 1 of the Swamp
 42411 | D:10     | Upgraded the game from 0.19-a0-14-gde87d98 to 0.19-a0-20-g1ce5f50
 42525 | Spider:1 | Entered Level 1 of the Spider Nest
 43158 | Lair:1   | Learned a level 4 spell: Ice Form
 44698 | Spider:2 | Reached XP level 16. HP: 130/130 MP: 23/29
 45918 | Spider:3 | Reached skill level 1 in Shields
 47571 | Swamp:1  | Got a brightly glowing great sword
 47662 | Swamp:1  | Identified the +6 great sword of the Lame Duck {pain, MR+ Int+3} (You found it on level 1 of the Swamp)
 48386 | Swamp:2  | Noticed a thorn hunter
 48395 | Swamp:2  | Killed a thorn hunter
 48539 | Swamp:2  | Noticed a thorn hunter
 48548 | Swamp:2  | Killed a thorn hunter
 49233 | Swamp:3  | Noticed Roxanne
 49404 | Swamp:3  | Killed Roxanne
 49995 | Swamp:4  | Entered Level 4 of the Swamp
 50169 | Swamp:4  | Noticed a thorn hunter
 50182 | Swamp:4  | Killed a thorn hunter
 50182 | Swamp:4  | Reached skill level 14 in Fighting
 50373 | Swamp:4  | Reached XP level 17. HP: 138/139 MP: 26/30
 51711 | Swamp:4  | Got a decaying rune of Zot
 52197 | Spider:4 | Entered Level 4 of the Spider Nest
 52681 | Spider:4 | Reached skill level 10 in Earth Magic
 52807 | Spider:4 | Noticed Asterion
 52841 | Spider:4 | Killed Asterion
 53416 | Spider:3 | Reached skill level 10 in Transmutations
 53701 | Spider:4 | Reached skill level 10 in Spellcasting
 53876 | Lair:1   | Learned a level 6 spell: Statue Form
 54404 | Spider:4 | Reached skill level 1 in Evocations
 55317 | Spider:4 | Got a gossamer rune of Zot
 55399 | Spider:4 | Reached skill level 5 in Evocations
 55690 | D:12     | Bought a potion of might for 56 gold pieces
 56049 | D:14     | Found a gate to the Vaults.
 56159 | D:14     | Gained mutation: You are significantly more attuned to the shadows. [demonic ancestry]
 56159 | D:14     | Reached XP level 18. HP: 146/146 MP: 28/32
 56601 | D:15     | Entered Level 15 of the Dungeon
 56820 | D:15     | Found a staircase to the Depths.
 57570 | Vaults:1 | Entered Level 1 of the Vaults
 58760 | Vaults:1 | Got a dazzling scale mail
 59612 | Vaults:1 | Paralysed by a great orb of eyes for 7 turns
 59616 | Vaults:1 | HP: 1/189 [ironheart preserver/morningstar of distortion (14)]
 59616 | Vaults:1 | Demolished by an ironheart preserver

Vault maps used:
D:1:      scummos_arrival_checkerplants
D:4:      grunt_qazlal_clouds
D:5:      lemuel_round_altar, minmay_temple_entry_purple_smoke, first_bread,
          serial_shops, nicolae_shop_trees, kennysheep_mini_moat, shop,
          serial_bayou_pond_c
D:6:      enter_ossuary_2, trog_butcher_becter, uniq_eustachio
D:7:      gammafunk_temple_overflow_statue, okawaru_ov_weapons_minmay,
          grunt_ogre_cave
D:8:      old_standard_altar, lemuel_round_altar, uniq_erica, uniq_joseph,
          uniq_psyche
D:9:      minitemple, serial_shops, kennysheep_mini, minmay_nine_imps
D:10:     due_lair_maze_entry_diamond, eino_jars
D:11:     orc_0_dummy, grunt_dithmenos_smoke
D:12:     serial_shops, nicolae_shop_behind_doors, serial_glass,
          glass_columns_a, glass_columns_a, minmay_misc_feat_four_crosses
D:13:     basic_altar
D:14:     david_vaults_5, minivault_25, spider_trap, minmay_unpleasant_kobolds
D:15:     gammafunk_depths_entry_grave, nrook_mini_backslash
Temple:   circular_temple_12
Lair:1:   portal_ice_cave_entry_pillars_03, lab_entry_generic,
          grunt_megastairs_1
Lair:3:   grunt_megastairs_2
Lair:4:   lemuel_fruit_tree, uniq_josephine, uniq_rupert
Lair:5:   spider_nest_entry_funnel_web, patterned_corridor, grunt_megastairs_4,
          infiniplex_staircase_pool, uniq_snorg, uniq_maud
Lair:6:   nicolae_swamp_entry_splash_gauntlet, st_stairs_8, wad_woods_04
Lair:7:   st_stairs_8, hibernation_bobbens
Lair:8:   evil_forest, nicolae_slime_entry_slimehenge, lemuel_fruit_fields
Swamp:1:  evilmike_swamp_ruin_house_3, swamp_pool5, grunt_lady_of_the_lake
Swamp:2:  hangedman_swamp_diagram
Swamp:3:  nicolae_swamp_stair_fork, swamp_pool5, uniq_roxanne
Swamp:4:  swamp_alternative
Spider:4: grunt_spider_rune_circles, uniq_asterion
Orc:1:    basic_altar
Orc:2:    grunt_orc_tribal_feast, nicolae_volcano_entry_lava_flow
Vaults:1: st_greater_box_4, nicolae_vaults_circle_grid_a,
          nicolae_vaults_angled_halls, vaults_room_stairs_pillars,
          vaults_standard_mumra_x, ontoclasm_vaults_fault, vaults_room_boxed,
          v_misc_14, nicolae_vaults_circle_grid_b, hangedman_vaults_restitches,
          nicolae_vaults_theta, vaults_room_pool
Ossuary:  ossuary_tomb_2
Volcano:  volcano_aerie

Skill      XL: |  1  2  3  4  5  6  7  8  9 10 11 12 13 14 15 16 17 18 |
---------------+-------------------------------------------------------+-----
Transmutations | 2 3 4 5 8 9 11 12 | 12.0
Fighting       | 2 3 4 8 9 11 13 14 | 14.3
Poison Magic   | 1 4 |  4.3
Stealth        | 3 4 5 7 9 |  9.6
Conjurations   | 1 3 |  3.0
Translocations | 1 2 |  2.6
Spellcasting   | 4 5 6 9 10 | 10.0
Air Magic      | 2 4 |  4.0
Dodging        | 3 6 8 10 | 10.2
Unarmed Combat | 3 4 6 10 13 | 13.3
Short Blades   | 1 |  1.7
Charms         | 1 |  1.6
Summonings     | 1 |  1.8
Fire Magic     | 1 |  1.0
Invocations    | 8 10 12 | 12.0
Armour         | 3 6 |  6.4
Earth Magic    | 3 5 8 10 | 10.0
Shields        | 4 |  4.4
Evocations     | 5 |  5.0

Action                   |  1- 3 |  4- 6 |  7- 9 | 10-12 | 13-15 | 16-18 || total
-------------------------+-------+-------+-------+-------+-------+-------++-------
Melee: Unarmed           |   169 |   131 |   232 |   518 |   738 |   924 ||  2712
       Kick              |    18 |     6 |    35 |    16 |       |       ||    75
       Headbutt          |     3 |     5 |    36 |   179 |   377 |   576 ||  1176
       War axe           |       |    70 |   215 |       |       |       ||   285
       Punch             |       |     1 |       |    20 |    54 |    50 ||   125
       Dagger            |       |       |   107 |   248 |       |   240 ||   595
       Falchion          |       |       |       |   232 |   295 |   136 ||   663
       Scimitar          |       |       |       |       |    27 |   109 ||   136
       Staff             |       |       |       |       |    30 |     2 ||    32
       Demon trident     |       |       |       |       |       |     2 ||     2
Throw: Stone             |     1 |       |       |       |       |       ||     1
 Cast: Beastly Appendage |    18 |     8 |    25 |     7 |     1 |       ||    59
       Spider Form       |     2 |    11 |    26 |    35 |       |       ||    74
       Sticks to Snakes  |       |     8 |    23 |    84 |    42 |    14 ||   171
       Mephitic Cloud    |       |       |    13 |    41 |    41 |    20 ||   115
       Blink             |       |       |     6 |    18 |     7 |     8 ||    39
       Magic Dart        |       |       |    20 |    49 |    11 |    26 ||   106
       Repel Missiles    |       |       |     1 |     3 |       |     2 ||     6
       Call Imp          |       |       |       |    11 |       |       ||    11
       Blade Hands       |       |       |       |    45 |   120 |    71 ||   236
       Conjure Flame     |       |       |       |     1 |     1 |       ||     2
       Petrify           |       |       |       |       |    14 |    24 ||    38
       Ice Form          |       |       |       |       |       |    12 ||    12
       Summon Butterflie |       |       |       |       |       |     9 ||     9
       Statue Form       |       |       |       |       |       |    14 ||    14
Invok: Step From Time    |       |       |       |     1 |     1 |       ||     2
       Slouch            |       |       |       |       |     6 |     5 ||    11
       Bend Time         |       |       |       |       |     1 |       ||     1
 Abil: End Transformatio |       |       |     1 |    25 |    27 |    34 ||    87
Evoke: Wand              |       |     6 |     6 |     5 |     6 |     1 ||    24
  Use: Scroll            |       |     9 |     9 |    14 |    13 |    13 ||    58
       Potion            |       |     3 |     3 |    12 |     4 |     2 ||    24
 Stab: Sleeping          |    11 |    12 |    18 |    29 |    37 |    24 ||   131
       Distracted        |       |       |     2 |    16 |    13 |    19 ||    50
       Confused          |       |       |     2 |    14 |    18 |    11 ||    45
       Petrified         |       |       |       |       |    14 |    12 ||    26
       Petrifying        |       |       |       |       |     2 |     1 ||     3
  Eat: Chunk             |     4 |    10 |    25 |    16 |    28 |    14 ||    97
       Beef jerky        |       |     1 |       |     2 |     1 |     1 ||     5
       Pizza             |       |     1 |       |       |     2 |     1 ||     4
       Fruit             |       |     1 |       |     2 |     4 |     2 ||     9
       Bread ration      |       |       |     1 |     1 |     1 |     1 ||     4
       Meat ration       |       |       |     2 |     3 |     2 |     2 ||     9
       Royal jelly       |       |       |     1 |     1 |       |     1 ||     3
Armor: Robe              |    19 |    31 |    56 |   111 |       |       ||   217
       Skin              |       |    34 |     7 |    12 |       |    61 ||   114
       Steam dragon armo |       |       |       |    25 |   228 |   328 ||   581
Dodge: Dodged            |    89 |   145 |   390 |   942 |  1342 |  1951 ||  4859
       Deflected         |       |       |     1 |     8 |     6 |    15 ||    30
Block: Buckler           |       |       |       |       |       |   464 ||   464
